 Dungeon Crawl Stone Soup version 0.26-a0-259-g1effd001a9 (webtiles) character file.

Game seed: 15599670837784957398

35 vurker the Sneak (level 3, -2/28 HPs)
             Began as a Demonspawn Brigand on July 17, 2020.
             Slain by a worm (7 damage)
             ... on level 2 of the Dungeon.
             The game lasted 00:01:24 (1606 turns).

vurker the Sneak (Demonspawn Brigand)               Turns: 1606, Time: 00:01:25

Health: -2/28      AC:  7    Str: 12    XL:     3   Next: 16%
Magic:  3/3        EV:  9    Int: 12    God:
Gold:   76         SH:  0    Dex: 14    Spells: 2/2 levels left

rFire    . . .     SeeInvis .   a - +2 dagger
rCold    + . .     Faith    .   (no shield)
rNeg     . . .     Spirit   .   o - +0 scale mail
rPois    .         Reflect  .   (no helmet)
rElec    .         Harm     .   c - +0 cloak
rCorr    .                      (no gloves)
MR       .....                  (no boots)
Stlth    +.........             (no amulet)
HPRegen  0.09/turn              (no ring)
MPRegen  0.08/turn              (no ring)

@: no status effects
A: cold resistance 1
a: no special abilities


You were on level 2 of the Dungeon.
You were not hungry.

You visited 1 branch of the dungeon, and saw 2 of its levels.

You collected 76 gold pieces.

Inventory:

Hand Weapons
 a - a +2 dagger (weapon)
Missiles
 d - 26 poisoned darts (quivered)
 f - 2 curare-tipped darts
Armour
 c - a +0 cloak (worn)
 o - a +0 scale mail (worn)
   (You found it on level 1 of the Dungeon)
Scrolls
 b - a scroll of remove curse {unknown}
 i - a scroll of identify {unknown}
 k - a scroll of teleportation {unknown}
 l - a scroll of random uselessness {unknown}
 m - a scroll of enchant weapon {unknown}
Potions
 g - a potion of flight {unknown}
 h - 4 potions of curing {unknown}
 j - a potion of degeneration {unknown}
 n - 2 potions of brilliance {unknown}
Comestibles
 e - a ration


   Skills:
 + Level 2.9 Fighting
 - Level 1.7 Short Blades
 + Level 2.6 Throwing
 - Level 0.8 Dodging
 - Level 3.6 Stealth


You had 2 spell levels left.
You didn't know any spells.
Your spell library was empty.

Dungeon Overview and Level Annotations

Branches:
Dungeon (2/15)

Altars:


Innate Abilities, Weirdness & Mutations

Your flesh is cold resistant. (rC+)


Message History

You hit the leopard gecko. The leopard gecko bites you.
You hit the leopard gecko. The leopard gecko bites you.
You closely miss the leopard gecko. The leopard gecko bites you.
You closely miss the leopard gecko.
The leopard gecko bites you but does no damage.
The kobold hits you but does no damage.
You hit the leopard gecko.
You kill the leopard gecko!
The kobold barely misses you.
You hit the kobold. The kobold hits you.
You hit the kobold.
You kill the kobold!
No target in view!
No target in view!
No target in view!
No target in view!
No target in view!
No target in view!
No target in view!
No target in view!
A worm comes into view.
A worm is nearby!
A worm is nearby!
A worm is nearby!
Found a hunting sling.
Found an escape hatch in the ceiling.
Found an escape hatch in the floor.
You hit the worm. The worm bites you!
You hit the worm. You hit the worm. The worm bites you.
* * * LOW HITPOINT WARNING * * *
You hit the worm.
Your scale mail prevents you from hitting the worm.
The worm barely misses you.
You hit the worm. You hit the worm. The worm barely misses you.
You barely miss the worm. The worm bites you!
* * * LOW HITPOINT WARNING * * *
You hit the worm but do no damage. You hit the worm.
The worm barely misses you.
You barely miss the worm. You hit the worm. The worm barely misses you.
You hit the worm. You hit the worm but do no damage. The worm bites you.
* * * LOW HITPOINT WARNING * * *
You hit the worm. You hit the worm. The worm barely misses you.
You hit the worm but do no damage. You hit the worm. The worm bites you!
You die...

..# #.# #.###
#####<..## #
##.†......# #
#.#...†.....#..
#..............
##..............
#....$@.......#
.......w.....###
..............#
............#..#
.##........##.#
#......)... .#
#.<........#
.>.........#


You could see a worm.

Vanquished Creatures
  An ooze (D:1)
  3 leopard geckos
  3 goblins (D:1)
  5 hobgoblins (D:1)
  2 jackals (D:1)
  5 kobolds
  A ball python (D:1)
  3 bats (D:1)
  4 rats (D:1)
27 creatures vanquished.

Notes
Turn   | Place    | Note
-------+----------+-------------------------------------------
     0 | D:1      | vurker the Demonspawn Brigand began the quest for the Orb.
     0 | D:1      | Reached XP level 1. HP: 16/16 MP: 1/1
     2 | D:1      | Noticed a ghoul
     2 | D:1      | Noticed a vine stalker
     4 | D:1      | Noticed a draconian
     4 | D:1      | Noticed a spriggan
     6 | D:1      | Noticed a merfolk
     6 | D:1      | Noticed an elf
     8 | D:1      | Noticed a troll
     8 | D:1      | Noticed a tengu
    10 | D:1      | Noticed a felid
    10 | D:1      | Noticed an ogre
    13 | D:1      | Noticed a dwarf
    15 | D:1      | Noticed an octopode
    15 | D:1      | Noticed a minotaur
    17 | D:1      | Noticed a demigod
    19 | D:1      | Noticed a centaur
    21 | D:1      | Noticed a halfling
    23 | D:1      | Noticed a gargoyle
    23 | D:1      | Noticed a demonspawn
    26 | D:1      | Noticed a formicid
    26 | D:1      | Noticed a naga
    28 | D:1      | Noticed a human
    28 | D:1      | Noticed a vampire
    86 | D:1      | Gained mutation: Your flesh is cold resistant. (rC+)
                  | [demonic ancestry]
    86 | D:1      | Reached XP level 2. HP: 10/23 MP: 2/2
  1226 | D:1      | Reached XP level 3. HP: 28/28 MP: 3/3
  1606 | D:2      | Slain by a worm

Illustrated notes

Levels and vault maps discovered:
D:1:      kb_arrival_jail, layout_basic
D:2:      layout_rooms, kennysheep_crisscross

Skill      XL: |  1 |
---------------+----+-----
Throwing       | 2 |  2.6
Fighting       | |  2.9
Short Blades   | |  1.7
Dodging        | |  0.8
Stealth        | |  3.6

Action                   || total
-------------------------++-------
Melee: Dagger            ||   105
 Stab: Sleeping          ||     1
  Eat: Ration            ||     1
Armor: Robe              ||    20
       Scale mail        ||     5
Dodge: Dodged            ||    75

Table legend:
 A = Non-vault XP
 B = Vault XP
 C = Vault XP percentage of total XP
 D = Non-vault monster count
 E = Vault monster count
 F = Vault count percentage of total count
                 A         B        C        D         E       F
            +---------+---------+-------+---------+---------+-------
      Total |      50 |       0 |   0.0 |      27 |       0 |   0.0
            +---------+---------+-------+---------+---------+-------
        D:1 |      46 |       0 |   0.0 |      25 |       0 |   0.0
        D:2 |       4 |       0 |   0.0 |       2 |       0 |   0.0
            +---------+---------+-------+---------+---------+-------
